 Dungeon Crawl Stone Soup version 0.28-a0-1130-gc51a68064b (webtiles) character file.

Game seed: 4915203466244402372

102 ytrimaz the Insei (level 4, 0/29 HPs)
             Began as an Octopode Transmuter on Dec 12, 2021.
             Was an Initiate of Gozag.
             Slain by Sigmund (9 damage)
             ... on level 2 of the Dungeon.
             The game lasted 00:02:16 (2502 turns).

ytrimaz the Insei (Octopode Transmuter)             Turns: 2502, Time: 00:02:16

Health: 0/29       AC:  2    Str:  9    XL:     4   Next: 77%
Magic:  4/7        EV: 20    Int: 17    God:    Gozag
Gold:   158        SH:  0    Dex: 17    Spells: 2/8 levels left

rFire   . . .      SeeInvis .     - Unarmed
rCold   . . .      Faith    .   (shield currently unavailable)
rNeg    . . .      Spirit   .   (helmet currently unavailable)
rPois   x          Reflect  .   (no amulet)
rElec   .          Harm     .   (no ring)
rCorr   .          Rampage  .   (no ring)
Will    .....                   (no ring)
Stlth   ++........              (no ring)
HPRegen 0.09/turn               (no ring)
MPRegen 0.10/turn               (no ring)
                                (no ring)
                                (no ring)

@: spider-form (expiring), gold aura
A: venomous fangs, almost no armour, (amphibious), 8 rings, tiny, (camouflage
1), (gelatinous body 1), (nimble swimmer 1), (tentacles), sense surroundings 1
a: End Transformation, Renounce Religion, Potion Petition, Call Merchant, Bribe
Branch


You were on level 2 of the Dungeon.
You worshipped Gozag.
Gozag was aware of your devotion.
You were a venomous arachnid creature.
You visited 1 branch of the dungeon, and saw 2 of its levels.

You collected 167 gold pieces.
You paid 9 gold pieces to Gozag.

Inventory:

Wands
 d - a wand of flame (12)
Scrolls
 c - a scroll of enchant armour
 e - a scroll of identify
Potions
 a - a potion of mutation
 b - 3 potions of brilliance {unknown}


   Skills:
 * Level 1.8 Fighting
 * Level 2.9 Dodging
 + Level 3.5 Unarmed Combat
 * Level 2.6 Spellcasting
 * Level 2.7 Transmutations


You had 2 spell levels left.
You knew the following spells:

 Your Spells              Type           Power      Damage    Failure   Level
a - Beastly Appendage     Tmut           22%        N/A       17%         1
b - Wereblood             Tmut           11%        N/A       22%         2
c - Spider Form           Tmut/Pois      6%         N/A       52%         3

Your spell library contained the following spells:

 Spells                   Type           Power      Damage    Failure   Level
 Ice Form                 Ice/Tmut       6%         N/A       87%         4


Dungeon Overview and Level Annotations

Branches:
Dungeon (2/15)

Altars:
Gozag

Annotations:
D:2 Sigmund


Innate Abilities, Weirdness & Mutations

You are a venomous arachnid creature.
You have poisonous fangs.
You are tiny and dextrous.
Your spellcasting is less reliable in this form.
Your armour is entirely melded.
You are incapable of wielding weapons or throwing items.
You cannot wear most types of armour.
((You are amphibious.))
You can wear up to eight rings at the same time.
((Your skin changes colour to match your surroundings (Stealth+).))
((Your rubbery body absorbs attacks. (AC +1, EV +1)))
((You are camouflaged near water. (Stealth+)))
((You have tentacles for arms and can constrict up to eight enemies at once.))
You passively map a small area around you.


Message History

Sigmund flickers and vanishes!
Deactivating autopickup; reactivate with Ctrl-A.
The ball python bites you. The ball python misses you.
Unknown command.
A magic dart appears from out of thin air!
The magic dart hits you! The ball python barely misses you.
The ball python closely misses you.
Casting: Beastly Appendage (safe; 6% risk of failure)
Confirm with . or Enter, or press ? or * to list all spells.
The spell is extremely dangerous to miscast (30% risk of failure)!
Continue anyway?
Your tentacle spike disappears.
You turn into a venomous arachnid creature.
Your transformation is almost over.
The ball python bites you but does no damage.
The ball python closely misses you.
Unknown command.
You closely miss the ball python.
The ball python completely misses you. x3
The ball python misses you.
You hit the ball python.
The ball python is poisoned.
The ball python is severely wounded.
You kill the ball python!
Something tries to affect you, but you resist.
Unknown command.
Something closely misses you.
You barely miss something. You hit something. Something barely misses you.
The dart slug misses you.
Unknown command.
You bite something! Something barely misses you.
The dart slug bites you but does no damage.
You hit something.
Unknown command.
You barely miss something.
You hear some strange, mumbled words.
A magic dart appears from out of thin air!
The magic dart hits you! The dart slug launches a dart at you.
The slug dart misses you.
You miss something. Something hits you!
You die...
Your body crumbles into a pile of gold.

..# #.# #.
.≈≈...≈.≈#.######
..# * #.#
#.#≈.....≈..## #
### ....
,.#.....#.## #
....# #.#####.##
#
.....###......##
.....#.####.# ,
##. ........#.# ,
.....#w#$##.#.# *
......{s......#
#.##.######.### *
#.# * * #$# * , *
#.# * , (.# *
**#### , * , ,* ,


You could see a dart slug.

Vanquished Creatures
  Robin (D:2)
  3 adders (D:2)
  3 dart slugs
  An orc (D:2)
  4 ball pythons
  3 endoplasms (D:1)
  2 giant cockroaches (D:1)
  12 goblins
  3 hobgoblins
  6 jackals
  4 bats
  4 frilled lizards (D:1)
  3 kobolds
  4 rats
53 creatures vanquished.

Notes
Turn   | Place    | Note
-------+----------+-------------------------------------------
     0 | D:1      | ytrimaz the Octopode Transmuter began the quest for the
                  | Orb.
     0 | D:1      | Reached XP level 1. HP: 13/13 MP: 3/3
   453 | D:1      | Reached XP level 2. HP: 8/18 MP: 3/5
   827 | D:1      | Reached XP level 3. HP: 4/23 MP: 6/6
  1114 | D:1      | Learned a level 2 spell: Wereblood
  1118 | D:1      | Learned a level 3 spell: Spider Form
  1519 | D:1      | Gained mutation: You passively map a small area around you.
                  | [potion of mutation]
  1550 | D:2      | Found an opulent altar of Gozag.
  1767 | D:2      | Became a worshipper of Gozag Ym Sagoz the Greedy
  1941 | D:2      | Found a faded altar of an unknown god.
  1945 | D:2      | Reached XP level 4. HP: 16/28 MP: 7/7
  2164 | D:2      | Noticed Robin
  2201 | D:2      | Killed Robin
  2487 | D:2      | Noticed Sigmund
  2502 | D:2      | Slain by Sigmund

Illustrated notes

Levels and vault maps discovered:
D:1:      amcnicky_arrival_feature_with_door, layout_loops_ring
D:2:      layout_loops_cross, shapermc_ecumenical_altar_starsandcircs,
          basic_altar, serial_shops, shop, amcnicky_mini_corridor_feature,
          uniq_sigmund, uniq_robin, uniq_crazy_yiuf_cottage

Action                   |  1- 3 |  4- 6 || total
-------------------------+-------+-------++-------
Melee: Unarmed           |    85 |    45 ||   130
       Tentacles         |    11 |     7 ||    18
       Constrict         |    15 |     7 ||    22
       Kick              |     1 |     1 ||     2
 Cast: Beastly Appendage |    15 |     3 ||    18
       Spider Form       |       |     2 ||     2
       Wereblood         |       |     1 ||     1
  Use: Scroll            |     3 |       ||     3
       Potion            |     1 |       ||     1
 Stab: Sleeping          |     2 |       ||     2
       Distracted        |     1 |     1 ||     2
Armor: Skin              |     2 |     6 ||     8
Dodge: Dodged            |    67 |    44 ||   111

Table legend: (Time is in decaauts)
 A = Elapsed time spent in this place.
 B = Non-inter-level travel time spent in this place.
 C = Inter-level travel time spent in this place.
 D = Time resting spent in this place.
 E = Time spent auto-exploring this place.
 F = Levels seen in this place.
 G = Mean time per level.
                   A        B        C        D        E       F      G
               +--------+--------+--------+--------+--------+-----+--------+
         Total |   2494 |   2468 |     26 |     68 |   1980 |   2 | 1247.0 |
       Dungeon |   2494 |   2468 |     26 |     68 |   1980 |   2 | 1247.0 |
               +--------+--------+--------+--------+--------+-----+--------+

Top non-repeatable levels by time:
     D:1: 1546 daAuts
     D:2: 947 daAuts
